Map: [ESL] Cosmic Sapphire

Players

maru

  • Race: Terran Terran
  • League: Diamond
  • Spawn Location: 5:00

ShoWTimE - Winner!

  • Race: Protoss Protoss
  • League: Master
  • Spawn Location: 11:00

Event: TSL 9

VOD

Have the link to the VOD?

Description

Time

  • Played on: Sept. 4, 2022, 10:21 a.m.
  • Length: 11:34

All games in this series

Show
View Real Time Build Order
Export as new Build Order

maru Terran 

Build Orders: Liberator Opening 

Get SALT Encoding   

  12  0:00  SCV  
  13  0:12  SCV  
  14  0:16  Supply Depot  
  14  0:24  SCV  
  15  0:38  SCV  
  15  0:39  Barracks  
  15  0:42  Refinery  
  16  0:50  SCV  
  17  0:59  Refinery  
  17  1:02  SCV  
  18  1:16  SCV  
  19  1:26  Reaper  
  19  1:28  Orbital Command  
  19  1:31  Supply Depot  
  20  1:42  Factory  
  20  1:53  SCV  
  21  1:59  Barracks Reactor  
  21  2:05  SCV  
  22  2:15  Command Center  
  22  2:18  SCV  
  25  2:30  Hellion, SCV  
  25  2:36  Starport  
  25  2:38  Marine  
  25  2:41  Marine  
  25  2:42  SCV  
  28  2:47  Supply Depot  
  28  2:51  Widow Mine  
  28  2:54  SCV  
  31  3:08  SCV, Marine x2  
  34  3:14  Widow Mine  
  34  3:18  Medivac  
  38  3:20  SCV  
  38  3:26  Marine  
  39  3:35  SCV, Marine  
  39  3:37  Factory Tech Lab, Orbital Command  
  39  3:45  Marine  
  39  3:48  SCV  
  41  3:51  Liberator  
  41  3:53  Marine  
  45  3:56  Cyclone  
  45  4:00  SCV  
  45  4:01  Supply Depot  
  49  4:03  SCV  
  49  4:07  Marine  
  51  4:11  Marine  
  51  4:12  SCV  
  51  4:15  SCV  
  51  4:16  Supply Depot  
  54  4:19  Mag-Field Accelerator  
  55  4:24  SCV  
  55  4:25  Marine  
  55  4:28  SCV  
  55  4:29  Marine  
  58  4:33  Cyclone  
  61  4:38  Supply Depot  
  61  4:42  SCV x2  
  61  4:43  Marine  
  64  4:46  Marine  
  64  4:47  Viking  
  66  4:54  SCV  
  66  4:59  SCV  
  68  5:01  Marine  
  68  5:05  Cyclone  
  68  5:06  SCV  
  73  5:11  SCV  
  73  5:12  Supply Depot  
  73  5:14  Command Center  
  74  5:19  Starport Tech Lab  
  74  5:23  Barracks  
  74  5:24  SCV  
  75  5:28  SCV  
  76  5:36  SCV  
  76  5:38  Siege Tank  
  76  5:40  SCV  
  78  5:46  Supply Depot, Refinery  
  78  5:48  SCV  
  76  5:51  Marine x2  
  76  5:56  SCV  
  76  5:58  Barracks  
  76  6:03  SCV  
  68  6:05  Refinery  
  68  6:08  SCV, Marine  
  68  6:09  Marine  
  68  6:10  Siege Tank  
  68  6:16  SCV  
  69  6:20  Engineering Bay  
  69  6:21  Stimpack  
  69  6:22  Engineering Bay  
  68  6:26  Marine x2  
  68  6:27  Marine  
  68  6:29  Orbital Command  
  68  6:31  SCV x2  
  73  6:37  Starport Reactor  
  73  6:42  Barracks x2  
  73  6:44  Siege Tank, Marine x2  
  78  6:47  Barracks Tech Lab  
  78  6:48  SCV x2  
  78  6:53  Missile Turret, Marine  
  81  6:57  Missile Turret  
  81  6:58  Terran Infantry Armor Level 1, Terran Infantry Weapons Level 1, Orbital Command  
  81  7:01  SCV x2  
  83  7:06  Combat Shield  
  83  7:07  Supply Depot, Marine x2  
  83  7:08  Marine  
  86  7:13  SCV x2  
  87  7:22  Siege Tank, Marauder  
  92  7:23  SCV  
  92  7:25  SCV x2  
  95  7:31  Missile Turret  
  95  7:33  Missile Turret  
  95  7:35  SCV, Missile Turret  
  96  7:37  Supply Depot, SCV x2  
  96  7:38  Viking  
  96  7:39  Viking  
  101  7:44  Missile Turret  
  101  7:46  Barracks Reactor, Barracks Tech Lab  
  101  7:47  SCV  
  101  7:50  Marauder x2, Marine x2  
  101  7:51  SCV x2  
  110  7:54  Supply Depot  
  110  7:58  Refinery  
  110  7:59  Refinery, SCV  
  110  8:01  Supply Depot  
  110  8:03  SCV, Siege Tank, Concussive Shells  
  110  8:05  SCV  
  116  8:11  Ghost Academy, SCV  
  117  8:15  SCV  
  117  8:17  SCV  
  117  8:19  Supply Depot, Missile Turret  
  119  8:20  Medivac  
  119  8:22  Medivac, Marine x3  
  119  8:23  SCV, Marine  
  128  8:27  SCV  
  128  8:29  SCV  
  128  8:31  Marauder  
  136  8:34  Supply Depot  
  136  8:36  SCV  
  136  8:38  Siege Tank  
  140  8:42  Supply Depot  
  140  8:44  Armory  
  140  8:47  Marine x3  
  143  8:51  Command Center  
  143  8:53  Ghost  
  143  8:54  Ghost  
  142  8:56  Supply Depot  
  142  8:59  Marine x2  
  144  9:08  Enhanced Shockwaves  
  144  9:14  Command Center  
  144  9:15  Siege Tank  
  144  9:16  Command Center  
  147  9:24  Sensor Tower  
  147  9:28  Ghost  
  147  9:30  Command Center  
  147  9:40  Viking x2  
  151  9:47  Siege Tank  
  151  9:48  Missile Turret  
  154  9:54  Missile Turret  
  154  9:55  Marine x2  
  156  10:09  Marauder, Marine  
  144  10:15  Marine x3  
  144  10:16  Marauder x2  
  144  10:18  Viking  
  103  10:22  SCV  
  89  10:27  Marine  
  89  10:31  Marauder  
  89  10:33  Marine x2  
  89  10:37  Marauder  
  89  10:52  Marauder  
Show
View Real Time Build Order
Export as new Build Order

ShoWTimE Protoss - Winner!

Build Orders: 1 Gate Expand, Oracle Opening 

Get SALT Encoding   

  12  0:00  Probe  
  13  0:12  Probe  
  14  0:17  Pylon  
  14  0:24  Probe (Chrono Boost)  
  15  0:36  Gateway, Probe (Chrono Boost)  
  16  0:44  Probe (Chrono Boost)  
  16  0:47  Assimilator  
  17  0:51  Probe  
  18  1:03  Probe  
  19  1:15  Probe  
  20  1:23  Cybernetics Core  
  20  1:33  Nexus  
  20  1:34  Probe  
  21  1:41  Pylon  
  21  1:46  Probe  
  22  1:48  Assimilator  
  22  1:56  Adept (Chrono Boost)  
  22  1:58  Probe  
  25  2:10  Probe  
  26  2:16  Stargate  
  26  2:17  Adept (Chrono Boost)  
  26  2:22  Probe  
  29  2:35  Probe (Chrono Boost)  
  30  2:40  Warp Gate  
  30  2:45  Adept, Probe (Chrono Boost)  
  34  2:53  Probe (Chrono Boost)  
  34  2:55  Probe (Chrono Boost)  
  35  2:59  Probe (Chrono Boost)  
  35  3:00  Probe (Chrono Boost)  
  35  3:02  Oracle (Chrono Boost)  
  40  3:11  Probe x2  
  42  3:16  Adept, Pylon  
  44  3:23  Probe x2  
  46  3:35  Probe  
  46  3:36  Probe  
  46  3:37  Oracle (Chrono Boost)  
  46  3:40  Pylon  
  51  3:44  Gateway  
  51  3:46  Assimilator  
  51  3:47  Probe  
  51  3:48  Probe  
  53  4:04  Nexus  
  53  4:05  Probe  
  53  4:07  Probe  
  53  4:09  Phoenix (Chrono Boost)  
  55  4:11  Pylon  
  57  4:18  Pylon  
  57  4:19  Probe x2  
  59  4:25  Robotics Facility  
  59  4:28  Assimilator  
  59  4:31  Probe  
  60  4:34  Twilight Council, Probe  
  61  4:40  Sentry  
  61  4:43  Probe  
  64  4:46  Probe  
  65  4:55  Phoenix, Probe  
  65  4:57  Stalker  
  65  4:58  Probe  
  71  5:00  Shield Battery  
  71  5:03  Pylon  
  71  5:05  Shield Battery  
  71  5:09  Immortal (Chrono Boost)  
  71  5:13  Shield Battery  
  75  5:15  Stalker  
  75  5:21  Phoenix  
  79  5:26  Adept  
  81  5:30  Probe x3  
  84  5:39  Stalker  
  86  5:47  Phoenix  
  88  5:52  Probe x2  
  90  5:59  Probe  
  90  6:00  Stalker  
  83  6:04  Probe  
  83  6:06  Probe  
  85  6:11  Robotics Bay  
  85  6:12  Probe, Gateway  
  85  6:16  Probe  
  85  6:18  Probe, Pylon  
  87  6:24  Observer (Chrono Boost), Gateway, Probe  
  90  6:26  Charge (Chrono Boost)  
  90  6:28  Probe  
  90  6:30  Probe  
  90  6:32  Pylon  
  92  6:35  Gateway  
  92  6:36  Probe  
  92  6:39  Assimilator  
  93  6:40  Probe  
  93  6:42  Zealot x2, Probe  
  93  6:43  Assimilator  
  93  6:45  Observer (Chrono Boost)  
  100  6:50  Pylon  
  100  6:54  Forge  
  100  6:55  Probe  
  100  6:57  Forge  
  100  6:59  Colossus (Chrono Boost)  
  107  7:13  Zealot x3  
  113  7:18  Pylon  
  113  7:21  Zealot  
  115  7:25  Pylon  
  115  7:26  Protoss Ground Weapons Level 1 (Chrono Boost), Extended Thermal Lance, Protoss Ground Armor Level 1 (Chrono Boost)  
  115  7:33  Nexus  
  115  7:35  Zealot x2, Pylon  
  119  7:40  Colossus (Chrono Boost)  
  119  7:41  Pylon  
  125  7:46  Probe x2  
  125  7:47  Probe  
  128  7:53  Pylon  
  128  7:58  Probe  
  128  7:59  Probe  
  128  8:00  Probe  
  128  8:01  Pylon  
  131  8:10  Gateway  
  131  8:12  Probe, Gateway  
  132  8:14  Probe  
  132  8:15  Colossus (Chrono Boost), Probe, Gateway  
  134  8:23  Templar Archives  
  134  8:24  Probe  
  134  8:26  Zealot x2  
  145  8:30  Shield Battery  
  145  8:41  Zealot x3, Pylon  
  145  8:43  Probe  
  145  8:44  Probe x2, Pylon  
  154  8:59  Gateway x2, High Templar x2  
  154  9:00  Warp Prism (Chrono Boost)  
  160  9:03  Archon  
  160  9:08  High Templar x3  
  160  9:09  High Templar  
  164  9:13  Archon x2  
  164  9:16  Gateway  
  164  9:18  Gateway, High Templar x2  
  164  9:21  Archon  
  168  9:27  Pylon  
  168  9:31  Disruptor (Chrono Boost)  
  171  9:40  Zealot x5  
  181  9:50  Nexus  
  181  9:55  Zealot x5  
  191  10:02  Zealot x4  
  175  10:16  Zealot x8  
Tags
 
Add a new tag
Caveats
  • Supply blocks, unpowered buildings, or Contaminate may cause inaccurate times.
  • Supply counts are checked every 10 seconds.